[ AOE2 MATCH · #477040738 ]
UnrankedFranks vs Magyars
[ REPLAY ANALYSIS · EXTRACTED FROM THE RECORDED GAME ]
Feudal
8:27
Castle
12:06
Imperial
—
| APM avg | 21.9 |
| APM peak | 47 |
| eAPM avg | 16.8 |
| Villagers / military | 96 / 1 |
Focus
⚔️ 7.8% · 🌾 92.2%
Knight ×1
Feudal
8:27
Castle
12:14
Imperial
—
| APM avg | 27.3 |
| APM peak | 52 |
| eAPM avg | 14.7 |
| Villagers / military | 86 / 7 |
Focus
⚔️ 13.6% · 🌾 86.4%
Cavalry Archer ×7
Feudal
8:01
Castle
11:32
Imperial
—
| APM avg | 26.6 |
| APM peak | 60 |
| eAPM avg | 15.4 |
| Villagers / military | 57 / 19 |
Focus
⚔️ 17.3% · 🌾 82.7%
Genoese Crossbowman ×18 · Mangonel ×1
Feudal
7:26
Castle
11:18
Imperial
—
| APM avg | 21.1 |
| APM peak | 52 |
| eAPM avg | 12.8 |
| Villagers / military | 80 / 2 |
Focus
⚔️ 15.8% · 🌾 84.2%
Monk ×2
Feudal
8:04
Castle
11:37
Imperial
—
| APM avg | 34.9 |
| APM peak | 90 |
| eAPM avg | 18.1 |
| Villagers / military | 96 / 4 |
Focus
⚔️ 19.5% · 🌾 80.5%
Mangudai ×4
Feudal
8:13
Castle
12:08
Imperial
—
| APM avg | 19.5 |
| APM peak | 41 |
| eAPM avg | 13.1 |
| Villagers / military | 88 / 4 |
Focus
⚔️ 9.8% · 🌾 90.2%
Plumed Archer ×4
Feudal
7:21
Castle
12:20
Imperial
—
| APM avg | 34.4 |
| APM peak | 73 |
| eAPM avg | 18.1 |
| Villagers / military | 39 / 49 |
Focus
⚔️ 38.0% · 🌾 62.0%
Conquistador ×31 · Battering Ram ×11 · Scorpion ×4 · Petard ×3
Feudal
5:56
Castle
10:55
Imperial
—
| APM avg | 17.5 |
| APM peak | 35 |
| eAPM avg | 8.6 |
| Villagers / military | 51 / 2 |
Focus
⚔️ 8.0% · 🌾 92.0%
War Elephant ×2
Match map
Initial resources + every placement click. Lines = walls · curves = elevation contours. ◆ gold · ⬟ stone · ● berries · ✦ relic · ◌ wall gap
Your base· ✓ Closed at 12:06 · 0t walls · 7 gate(s)
anhdeptraibd's base· ✓ Closed at 12:14 · 0t walls · 7 gate(s)
Fsee's base· ✓ Closed at 11:32 · 0t walls · 6 gate(s)
小肥羊's base· ✓ Closed at 11:18 · 0t walls · 6 gate(s)
1389928342's base· ✓ Closed at 11:37 · 0t walls · 7 gate(s)
結城結弦's base· ✓ Closed at 12:08 · 0t walls · 5 gate(s)
Booming_is_my_gamee!!!'s base· ✓ Closed at 12:20 · 0t walls · 7 gate(s)
l852693's base· ✓ Closed at 10:55 · 0t walls · 7 gate(s)
Smoothed initial terrain · ◌ = detected wall gap · hover for details
Inputs per minute
— 大手 - - anhdeptraibd
Build order — 大手
First 150 of 195 actions detected
| 0:01 | Create | Villager (Male) |
| 0:02 | Create | Villager (Male) |
| 0:02 | Create | Villager (Male) |
| 0:03 | Create | Villager (Male) |
| 0:03 | Create | Villager (Male) |
| 0:10 | Build | Mill |
| 0:15 | Build | Lumber Camp |
| 1:15 | Create | Villager (Male) |
| 1:29 | Create | Villager (Male) |
| 1:52 | Create | Villager (Male) |
| 2:19 | Create | Villager (Male) |
| 2:58 | Create | Villager (Male) |
| 3:07 | Create | Villager (Male) |
| 3:07 | Create | Villager (Male) |
| 3:57 | Create | Villager (Male) |
| 3:58 | Create | Villager (Male) |
| 4:53 | Create | Villager (Male) |
| 4:54 | Create | Villager (Male) |
| 5:04 | Build | Farm |
| 5:09 | Build | Farm |
| 5:33 | Build | Mining Camp |
| 5:48 | Build | Farm |
| 5:59 | Build | Lumber Camp |
| 6:11 | Research | Feudal Age |
| 6:12 | Create | Villager (Male) |
| 6:13 | Create | Villager (Male) |
| 7:26 | Create | Villager (Male) |
| 8:27 | Age | Feudal Age |
| 8:31 | Build | Market |
| 8:38 | Build | Blacksmith |
| 9:26 | Research | Castle Age |
| 9:27 | Research | Castle Age |
| 9:34 | Research | Double-Bit Axe |
| 9:55 | Build | Farm |
| 9:59 | Create | Villager (Male) |
| 10:30 | Create | Villager (Male) |
| 11:44 | Build | House |
| 11:46 | Build | House |
| 11:47 | Build | House |
| 11:49 | Build | House |
| 11:50 | Build | House |
| 11:51 | Build | House |
| 11:56 | Create | Villager (Male) |
| 12:06 | Age | Castle Age |
| 12:09 | Create | Villager (Male) |
| 12:19 | Build | Town Center |
| 12:23 | Research | Bow Saw |
| 12:34 | Build | Town Center |
| 13:02 | Build | House |
| 13:04 | Build | House |
| 13:05 | Build | House |
| 13:08 | Build | House |
| 13:20 | Build | Farm |
| 13:21 | Build | Farm |
| 13:22 | Build | Farm |
| 13:27 | Create | Villager (Male) |
| 13:34 | Build | Farm |
| 13:35 | Build | Farm |
| 13:37 | Build | Farm |
| 13:46 | Research | Wheelbarrow |
| 13:48 | Create | Villager (Male) |
| 13:48 | Create | Villager (Male) |
| 13:58 | Create | Villager (Male) |
| 14:05 | Build | Farm |
| 14:07 | Build | Farm |
| 14:11 | Create | Villager (Male) |
| 14:17 | Create | Villager (Male) |
| 14:24 | Build | Farm |
| 14:27 | Create | Villager (Male) |
| 14:31 | Build | Farm |
| 14:43 | Build | Farm |
| 14:49 | Create | Villager (Male) |
| 14:49 | Create | Villager (Male) |
| 14:52 | Build | Farm |
| 14:55 | Build | Farm |
| 14:58 | Build | Farm |
| 15:04 | Create | Villager (Male) |
| 15:21 | Build | Farm |
| 15:24 | Create | Villager (Male) |
| 15:28 | Build | Farm |
| 15:30 | Build | Farm |
| 15:33 | Create | Villager (Male) |
| 15:33 | Create | Villager (Male) |
| 15:40 | Create | Villager (Male) |
| 15:45 | Create | Villager (Male) |
| 15:48 | Build | Farm |
| 15:57 | Build | Farm |
| 16:00 | Build | Farm |
| 16:10 | Build | Farm |
| 16:16 | Create | Villager (Male) |
| 16:18 | Create | Villager (Male) |
| 16:18 | Create | Villager (Male) |
| 16:18 | Create | Villager (Male) |
| 16:32 | Create | Villager (Male) |
| 16:33 | Create | Villager (Male) |
| 16:42 | Create | Villager (Male) |
| 16:44 | Create | Villager (Male) |
| 16:47 | Build | Farm |
| 16:49 | Build | Farm |
| 16:52 | Create | Villager (Male) |
| 16:52 | Create | Villager (Male) |
| 17:03 | Build | House |
| 17:04 | Build | House |
| 17:09 | Create | Villager (Male) |
| 17:32 | Create | Villager (Male) |
| 17:32 | Create | Villager (Male) |
| 17:41 | Research | Hand Cart |
| 17:45 | Create | Villager (Male) |
| 17:51 | Research | Gold Mining |
| 17:57 | Create | Villager (Male) |
| 18:00 | Create | Villager (Male) |
| 18:05 | Build | House |
| 18:06 | Build | House |
| 18:08 | Create | Villager (Male) |
| 18:10 | Create | Villager (Male) |
| 18:11 | Create | Villager (Male) |
| 18:11 | Create | Villager (Male) |
| 18:13 | Create | Villager (Male) |
| 18:45 | Create | Villager (Male) |
| 18:54 | Build | Town Center |
| 19:03 | Create | Villager (Male) |
| 19:05 | Create | Villager (Male) |
| 19:07 | Create | Villager (Male) |
| 19:09 | Build | Mining Camp |
| 19:16 | Build | Barracks |
| 19:30 | Build | Siege Workshop |
| 19:35 | Create | Villager (Male) |
| 19:35 | Create | Villager (Male) |
| 19:49 | Build | Town Center |
| 19:52 | Create | Villager (Male) |
| 19:59 | Build | House |
| 20:00 | Build | House |
| 20:01 | Build | House |
| 20:11 | Build | House |
| 20:12 | Build | House |
| 20:13 | Build | House |
| 20:16 | Create | Villager (Male) |
| 20:17 | Create | Villager (Male) |
| 20:18 | Create | Villager (Male) |
| 20:21 | Build | Mining Camp |
| 20:24 | Create | Villager (Male) |
| 20:24 | Create | Villager (Male) |
| 20:27 | Create | Villager (Male) |
| 20:30 | Research | Gold Shaft Mining |
| 20:33 | Research | Stone Mining |
| 20:35 | Create | Villager (Male) |
| 20:37 | Create | Villager (Male) |
| 20:47 | Build | Lumber Camp |
| 21:03 | Create | Villager (Male) |
| 21:03 | Create | Villager (Male) |
Build order — anhdeptraibd
First 150 of 180 actions detected
| 0:01 | Create | Villager (Male) ×4 |
| 0:08 | Build | Lumber Camp |
| 0:15 | Build | Mill |
| 0:53 | Research | Loom |
| 1:08 | Create | Villager (Male) |
| 1:25 | Create | Villager (Male) |
| 1:48 | Create | Villager (Male) |
| 2:15 | Create | Villager (Male) |
| 2:16 | Create | Villager (Male) |
| 2:48 | Create | Villager (Male) |
| 2:48 | Create | Villager (Male) |
| 3:04 | Create | Villager (Male) |
| 4:58 | Create | Villager (Male) |
| 5:16 | Build | Mining Camp |
| 5:32 | Create | Villager (Male) |
| 6:17 | Research | Feudal Age |
| 6:20 | Build | Farm |
| 6:22 | Build | Farm |
| 6:41 | Build | Farm |
| 8:27 | Age | Feudal Age |
| 8:31 | Create | Villager (Male) |
| 8:31 | Create | Villager (Male) |
| 8:37 | Build | Archery Range |
| 8:39 | Build | Stable |
| 8:52 | Build | Mining Camp |
| 9:29 | Build | Lumber Camp |
| 9:34 | Research | Castle Age |
| 9:42 | Research | Double-Bit Axe |
| 9:48 | Build | Farm |
| 10:25 | Research | Horse Collar |
| 10:25 | Research | Horse Collar |
| 12:14 | Age | Castle Age |
| 12:20 | Build | Town Center |
| 12:21 | Create | Villager (Male) |
| 12:22 | Create | Villager (Male) |
| 12:35 | Create | Villager (Male) |
| 13:02 | Create | Villager (Male) |
| 13:16 | Build | Town Center |
| 13:19 | Create | Villager (Male) |
| 13:22 | Create | Villager (Male) |
| 13:35 | Create | Villager (Male) |
| 13:59 | Build | Lumber Camp |
| 14:08 | Create | Villager (Male) |
| 14:08 | Create | Villager (Male) |
| 14:08 | Create | Villager (Male) |
| 14:11 | Build | Farm |
| 14:20 | Create | Villager (Male) |
| 14:42 | Create | Villager (Male) |
| 14:42 | Create | Villager (Male) |
| 14:45 | Create | Villager (Male) |
| 14:47 | Create | Villager (Male) |
| 14:58 | Create | Villager (Male) |
| 15:01 | Create | Villager (Male) |
| 15:21 | Create | Villager (Male) |
| 15:23 | Create | Villager (Male) |
| 15:24 | Create | Villager (Male) |
| 15:39 | Build | Farm |
| 15:40 | Build | Farm |
| 15:43 | Build | Farm |
| 15:44 | Build | Farm |
| 15:48 | Create | Villager (Male) |
| 15:53 | Create | Villager (Male) |
| 15:55 | Build | Farm |
| 15:56 | Build | Farm |
| 15:57 | Build | Farm |
| 16:07 | Build | Farm |
| 16:22 | Build | Farm |
| 16:23 | Build | Farm |
| 16:25 | Create | Villager (Male) |
| 16:30 | Build | House |
| 16:32 | Build | House |
| 16:33 | Build | House |
| 16:37 | Create | Villager (Male) |
| 16:39 | Build | House |
| 16:40 | Build | House |
| 16:41 | Build | House |
| 16:48 | Build | Farm |
| 16:49 | Build | Farm |
| 16:51 | Build | Farm |
| 16:51 | Build | Farm |
| 16:54 | Create | Villager (Male) |
| 16:55 | Create | Villager (Male) |
| 17:03 | Build | Farm |
| 17:07 | Build | Farm |
| 17:08 | Build | Farm |
| 17:09 | Build | Farm |
| 17:46 | Create | Villager (Male) |
| 17:47 | Create | Villager (Male) |
| 17:48 | Create | Villager (Male) |
| 17:49 | Create | Villager (Male) |
| 17:52 | Build | Farm |
| 17:52 | Build | Farm |
| 17:53 | Build | Farm |
| 17:56 | Create | Villager (Male) |
| 17:59 | Create | Villager (Male) |
| 18:03 | Build | Farm |
| 18:03 | Build | Farm |
| 18:05 | Build | Farm |
| 18:05 | Build | Farm |
| 18:06 | Build | Farm |
| 18:25 | Create | Villager (Male) |
| 18:26 | Create | Villager (Male) |
| 18:29 | Create | Villager (Male) |
| 18:32 | Build | Farm |
| 18:34 | Create | Villager (Male) |
| 18:45 | Create | Cavalry Archer |
| 18:45 | Create | Cavalry Archer |
| 18:45 | Create | Cavalry Archer |
| 18:54 | Create | Villager (Male) |
| 18:57 | Create | Villager (Male) |
| 19:11 | Build | House |
| 19:12 | Build | House |
| 19:16 | Create | Villager (Male) |
| 19:18 | Create | Villager (Male) |
| 19:21 | Create | Villager (Male) |
| 19:25 | Create | Cavalry Archer |
| 19:37 | Build | Blacksmith |
| 19:38 | Build | House |
| 19:41 | Build | House |
| 19:46 | Create | Cavalry Archer |
| 20:19 | Create | Villager (Male) |
| 20:19 | Create | Villager (Male) |
| 20:21 | Create | Villager (Male) |
| 20:21 | Create | Villager (Male) |
| 20:24 | Create | Villager (Male) |
| 20:24 | Create | Villager (Male) |
| 20:29 | Create | Villager (Male) |
| 20:34 | Build | Farm |
| 20:35 | Build | Farm |
| 20:36 | Build | Farm |
| 20:37 | Build | Farm |
| 20:38 | Build | Farm |
| 20:39 | Build | Farm |
| 20:40 | Build | Farm |
| 20:41 | Create | Villager (Male) |
| 20:44 | Create | Villager (Male) |
| 20:58 | Create | Villager (Male) |
| 21:00 | Create | Villager (Male) |
| 21:03 | Create | Villager (Male) |
| 21:15 | Build | House |
| 21:17 | Build | House |
| 21:18 | Build | House |
| 21:20 | Build | House |
| 21:35 | Research | Fletching |
| 21:38 | Research | Bloodlines |
| 21:38 | Research | Husbandry |
| 21:38 | Research | Husbandry |
| 21:39 | Create | Villager (Male) |
| 21:41 | Create | Villager (Male) |
| 21:42 | Create | Cavalry Archer |
Build order — Fsee
129 actions detected in the replay
| 0:01 | Create | Villager (Male) |
| 0:01 | Create | Villager (Male) |
| 0:09 | Build | Mill |
| 0:40 | Build | Lumber Camp |
| 0:42 | Create | Villager (Male) |
| 0:43 | Create | Villager (Male) |
| 1:05 | Create | Villager (Male) |
| 1:54 | Create | Villager (Male) |
| 1:54 | Create | Villager (Male) |
| 1:54 | Create | Villager (Male) |
| 2:50 | Create | Villager (Male) |
| 3:08 | Create | Villager (Male) |
| 3:35 | Create | Villager (Male) |
| 4:02 | Create | Villager (Male) |
| 4:13 | Build | Farm |
| 4:36 | Create | Villager (Male) |
| 4:45 | Build | Farm |
| 5:00 | Create | Villager (Male) |
| 5:00 | Create | Villager (Male) |
| 5:03 | Build | Farm |
| 5:26 | Research | Feudal Age |
| 5:45 | Build | Mining Camp |
| 7:09 | Create | Villager (Male) |
| 7:09 | Create | Villager (Male) |
| 8:01 | Age | Feudal Age |
| 8:02 | Build | Blacksmith |
| 8:06 | Build | Market |
| 8:52 | Research | Castle Age |
| 8:58 | Research | Double-Bit Axe |
| 9:06 | Research | Gold Mining |
| 10:08 | Research | Loom |
| 10:40 | Build | Farm |
| 10:50 | Research | Horse Collar |
| 11:32 | Age | Castle Age |
| 11:34 | Build | Town Center |
| 11:50 | Create | Villager (Male) |
| 12:06 | Build | Town Center |
| 12:10 | Create | Villager (Male) |
| 12:22 | Research | Fletching |
| 12:25 | Create | Genoese Crossbowman |
| 12:36 | Create | Villager (Male) |
| 12:36 | Create | Villager (Male) |
| 12:43 | Create | Genoese Crossbowman |
| 13:03 | Create | Villager (Male) |
| 13:04 | Create | Villager (Male) |
| 13:09 | Research | Town Watch |
| 13:10 | Create | Villager (Male) |
| 13:15 | Research | Wheelbarrow |
| 13:24 | Create | Villager (Male) |
| 13:31 | Build | House |
| 13:34 | Build | House |
| 13:35 | Create | Genoese Crossbowman |
| 13:35 | Create | Genoese Crossbowman |
| 13:44 | Build | Farm |
| 13:50 | Build | Farm |
| 13:54 | Create | Genoese Crossbowman |
| 14:07 | Build | Farm |
| 14:14 | Build | Farm |
| 14:16 | Create | Villager (Male) |
| 14:23 | Create | Villager (Male) |
| 14:27 | Create | Villager (Male) |
| 14:29 | Create | Villager (Male) |
| 14:30 | Build | Farm |
| 14:32 | Build | Farm |
| 14:44 | Build | House |
| 14:46 | Create | Villager (Male) |
| 14:49 | Build | Farm |
| 14:55 | Create | Villager (Male) |
| 15:01 | Create | Genoese Crossbowman |
| 15:10 | Create | Villager (Male) |
| 15:17 | Create | Villager (Male) |
| 15:20 | Build | Farm |
| 15:25 | Build | House |
| 15:30 | Build | House |
| 15:32 | Create | Villager (Male) |
| 15:36 | Build | Farm |
| 15:42 | Build | Farm |
| 15:49 | Build | Farm |
| 15:51 | Create | Villager (Male) |
| 15:54 | Create | Villager (Male) |
| 15:58 | Create | Villager (Male) |
| 16:05 | Build | Farm |
| 16:15 | Create | Villager (Male) |
| 16:16 | Build | Farm |
| 16:23 | Create | Genoese Crossbowman |
| 16:27 | Create | Villager (Male) |
| 16:33 | Build | Farm |
| 16:37 | Create | Villager (Male) |
| 16:38 | Create | Villager (Male) |
| 16:44 | Create | Genoese Crossbowman |
| 16:54 | Build | Farm |
| 16:57 | Build | Farm |
| 17:02 | Create | Villager (Male) |
| 17:03 | Create | Villager (Male) |
| 17:07 | Create | Villager (Male) |
| 17:31 | Create | Villager (Male) |
| 17:31 | Create | Villager (Male) |
| 17:36 | Create | Villager (Male) |
| 17:41 | Build | Farm |
| 17:42 | Build | Farm |
| 17:49 | Build | Farm |
| 17:51 | Build | Farm |
| 17:52 | Build | Farm |
| 17:54 | Build | Farm |
| 18:04 | Create | Genoese Crossbowman |
| 18:04 | Create | Genoese Crossbowman |
| 18:45 | Create | Genoese Crossbowman |
| 18:45 | Create | Genoese Crossbowman |
| 18:54 | Create | Villager (Male) |
| 18:54 | Create | Villager (Male) |
| 18:56 | Create | Villager (Male) |
| 18:56 | Create | Villager (Male) |
| 19:21 | Build | House |
| 19:22 | Build | House |
| 19:25 | Create | Villager (Male) |
| 19:26 | Create | Villager (Male) |
| 19:49 | Create | Villager (Male) |
| 19:51 | Create | Villager (Male) |
| 19:53 | Create | Villager (Male) |
| 20:00 | Research | Bodkin Arrow |
| 20:23 | Create | Villager (Male) |
| 21:34 | Build | Siege Workshop |
| 21:39 | Create | Genoese Crossbowman |
| 21:40 | Create | Genoese Crossbowman |
| 22:14 | Create | Mangonel |
| 22:58 | Create | Genoese Crossbowman |
| 22:59 | Create | Genoese Crossbowman |
| 22:59 | Create | Genoese Crossbowman |
| 22:59 | Create | Genoese Crossbowman |
Build order — 小肥羊
First 150 of 153 actions detected
| 0:04 | Create | Villager (Male) |
| 0:05 | Create | Villager (Male) |
| 0:05 | Create | Villager (Male) |
| 0:05 | Create | Villager (Male) |
| 0:07 | Build | Mill |
| 0:21 | Build | Lumber Camp |
| 1:52 | Create | Villager (Male) |
| 1:52 | Create | Villager (Male) |
| 1:53 | Create | Villager (Male) |
| 1:53 | Create | Villager (Male) |
| 2:27 | Create | Villager (Male) |
| 2:27 | Create | Villager (Male) |
| 2:27 | Create | Villager (Male) |
| 3:02 | Create | Villager (Male) |
| 3:02 | Create | Villager (Male) |
| 3:03 | Create | Villager (Male) |
| 3:11 | Create | Villager (Male) |
| 3:12 | Create | Villager (Male) |
| 3:33 | Create | Villager (Male) |
| 3:33 | Create | Villager (Male) |
| 4:02 | Create | Villager (Male) |
| 4:02 | Create | Villager (Male) |
| 4:19 | Build | Farm |
| 5:16 | Research | Feudal Age |
| 6:33 | Build | Mining Camp |
| 7:25 | Create | Villager (Male) |
| 7:25 | Create | Villager (Male) |
| 7:26 | Age | Feudal Age |
| 7:36 | Build | Stable |
| 7:47 | Build | Blacksmith |
| 8:35 | Build | Lumber Camp |
| 8:38 | Research | Castle Age |
| 8:38 | Research | Castle Age |
| 9:01 | Research | Double-Bit Axe |
| 9:01 | Research | Double-Bit Axe |
| 11:06 | Build | Farm |
| 11:09 | Build | Farm |
| 11:18 | Age | Castle Age |
| 11:20 | Create | Villager (Male) |
| 11:20 | Create | Villager (Male) |
| 11:27 | Build | Town Center |
| 11:35 | Build | Town Center |
| 12:07 | Create | Villager (Male) |
| 12:29 | Create | Villager (Male) |
| 12:41 | Create | Villager (Male) |
| 13:09 | Build | Farm |
| 13:10 | Build | Farm |
| 13:12 | Create | Villager (Male) |
| 13:18 | Create | Villager (Male) |
| 13:23 | Build | Farm |
| 13:31 | Build | Monastery |
| 13:40 | Build | Monastery |
| 13:42 | Create | Villager (Male) |
| 13:44 | Create | Villager (Male) |
| 13:45 | Create | Villager (Male) |
| 13:45 | Create | Villager (Male) |
| 13:49 | Build | Farm |
| 13:50 | Build | Farm |
| 13:56 | Create | Villager (Male) |
| 14:02 | Create | Villager (Male) |
| 14:10 | Create | Villager (Male) |
| 14:11 | Create | Villager (Male) |
| 14:16 | Create | Villager (Male) |
| 14:19 | Build | Farm |
| 14:25 | Build | Farm |
| 14:26 | Create | Villager (Male) |
| 14:29 | Build | Farm |
| 14:31 | Create | Monk |
| 14:43 | Create | Villager (Male) |
| 14:54 | Build | Farm |
| 14:58 | Build | Farm |
| 15:00 | Create | Villager (Male) |
| 15:00 | Create | Villager (Male) |
| 15:02 | Create | Villager (Male) |
| 15:03 | Create | Villager (Male) |
| 15:16 | Create | Villager (Male) |
| 15:38 | Build | House |
| 15:41 | Create | Villager (Male) |
| 15:42 | Create | Villager (Male) |
| 15:48 | Build | Farm |
| 15:49 | Build | Farm |
| 15:58 | Create | Villager (Male) |
| 16:04 | Create | Villager (Male) |
| 16:21 | Create | Villager (Male) |
| 16:24 | Build | Farm |
| 16:27 | Build | Farm |
| 16:29 | Create | Villager (Male) |
| 16:31 | Build | Farm |
| 16:34 | Build | Farm |
| 16:38 | Create | Villager (Male) |
| 16:42 | Create | Monk |
| 16:51 | Create | Villager (Male) |
| 16:54 | Build | Farm |
| 17:01 | Create | Villager (Male) |
| 17:04 | Create | Villager (Male) |
| 17:06 | Build | Farm |
| 17:12 | Build | House |
| 17:13 | Build | House |
| 17:28 | Create | Villager (Male) |
| 17:36 | Build | Town Center |
| 17:42 | Create | Villager (Male) |
| 17:54 | Build | Farm |
| 17:55 | Build | Farm |
| 17:57 | Build | Farm |
| 18:06 | Create | Villager (Male) |
| 18:24 | Create | Villager (Male) |
| 18:24 | Create | Villager (Male) |
| 18:24 | Create | Villager (Male) |
| 18:26 | Create | Villager (Male) |
| 18:35 | Build | Farm |
| 18:38 | Create | Villager (Male) |
| 18:39 | Create | Villager (Male) |
| 18:45 | Create | Villager (Male) |
| 18:48 | Build | Farm |
| 18:59 | Build | Farm |
| 18:59 | Build | Farm |
| 19:00 | Build | Farm |
| 19:00 | Build | Farm |
| 19:00 | Build | Farm |
| 19:00 | Build | Farm |
| 19:01 | Build | Farm |
| 19:01 | Build | Farm |
| 19:01 | Build | Farm |
| 19:01 | Build | Farm |
| 19:06 | Build | Farm |
| 19:11 | Create | Villager (Male) |
| 19:11 | Create | Villager (Male) |
| 19:24 | Create | Villager (Male) |
| 19:24 | Create | Villager (Male) |
| 19:24 | Create | Villager (Male) |
| 19:24 | Create | Villager (Male) |
| 19:38 | Create | Villager (Male) |
| 19:44 | Build | Farm |
| 19:45 | Build | Farm |
| 19:50 | Research | Loom |
| 19:52 | Research | Wheelbarrow |
| 19:53 | Create | Villager (Male) |
| 19:53 | Create | Villager (Male) |
| 20:06 | Build | House |
| 20:07 | Build | House |
| 20:09 | Build | House |
| 20:11 | Build | House |
| 20:12 | Build | House |
| 20:13 | Build | House |
| 20:16 | Create | Villager (Male) |
| 20:19 | Build | House |
| 20:26 | Create | Villager (Male) |
| 20:34 | Build | Lumber Camp |
| 20:46 | Create | Villager (Male) |
| 20:47 | Create | Villager (Male) |
Build order — 1389928342
First 150 of 180 actions detected
| 0:04 | Create | Villager (Male) |
| 0:05 | Create | Villager (Male) |
| 0:19 | Build | Mill |
| 0:27 | Create | Villager (Male) |
| 0:29 | Create | Villager (Male) |
| 1:08 | Create | Villager (Male) |
| 1:27 | Create | Villager (Male) |
| 1:33 | Create | Villager (Male) |
| 1:48 | Create | Villager (Male) |
| 1:54 | Build | Lumber Camp |
| 2:15 | Create | Villager (Male) |
| 2:31 | Create | Villager (Male) |
| 2:31 | Create | Villager (Male) |
| 2:44 | Create | Villager (Male) |
| 2:44 | Create | Villager (Male) |
| 2:55 | Create | Villager (Male) |
| 3:13 | Create | Villager (Male) |
| 3:14 | Create | Villager (Male) |
| 3:14 | Create | Villager (Male) |
| 3:37 | Create | Villager (Male) |
| 3:51 | Create | Villager (Male) |
| 3:55 | Create | Villager (Male) |
| 4:34 | Create | Villager (Male) |
| 4:34 | Create | Villager (Male) |
| 4:35 | Create | Villager (Male) |
| 4:35 | Create | Villager (Male) |
| 5:06 | Create | Villager (Male) |
| 5:06 | Create | Villager (Male) |
| 5:20 | Create | Villager (Male) |
| 5:26 | Create | Villager (Male) |
| 5:37 | Research | Feudal Age |
| 5:41 | Create | Villager (Male) |
| 5:57 | Create | Villager (Male) |
| 6:07 | Build | Mining Camp |
| 6:09 | Create | Villager (Male) |
| 6:15 | Build | Lumber Camp |
| 6:31 | Create | Villager (Male) |
| 7:05 | Build | Farm |
| 7:18 | Build | Farm |
| 7:25 | Build | Farm |
| 8:04 | Age | Feudal Age |
| 8:13 | Build | Market |
| 8:31 | Build | Blacksmith |
| 8:57 | Research | Castle Age |
| 9:08 | Research | Horse Collar |
| 9:18 | Research | Double-Bit Axe |
| 10:20 | Research | Horse Collar |
| 10:20 | Research | Horse Collar |
| 11:04 | Create | Villager (Male) |
| 11:37 | Age | Castle Age |
| 11:40 | Create | Villager (Male) |
| 11:44 | Build | Town Center |
| 11:47 | Research | Bow Saw |
| 11:47 | Research | Bow Saw |
| 11:53 | Build | Farm |
| 11:56 | Build | Farm |
| 12:08 | Build | Farm |
| 12:17 | Create | Villager (Male) |
| 12:42 | Create | Villager (Male) |
| 12:48 | Build | Town Center |
| 12:54 | Build | Farm |
| 12:56 | Build | Farm |
| 12:59 | Build | Farm |
| 13:01 | Build | Farm |
| 13:03 | Create | Villager (Male) |
| 13:11 | Create | Villager (Male) |
| 13:17 | Create | Mangudai |
| 13:28 | Build | Farm |
| 13:30 | Build | Farm |
| 13:32 | Create | Villager (Male) |
| 13:51 | Create | Villager (Male) |
| 13:55 | Build | Farm |
| 13:56 | Build | Farm |
| 13:58 | Create | Villager (Male) |
| 13:59 | Create | Villager (Male) |
| 13:59 | Create | Villager (Male) |
| 13:59 | Create | Villager (Male) |
| 14:05 | Build | House |
| 14:11 | Build | Farm |
| 14:25 | Build | Farm |
| 14:35 | Build | Siege Workshop |
| 14:37 | Create | Villager (Male) |
| 14:39 | Build | Farm |
| 14:42 | Build | Farm |
| 14:44 | Create | Villager (Male) |
| 14:45 | Create | Villager (Male) |
| 14:48 | Create | Villager (Male) |
| 14:48 | Create | Villager (Male) |
| 15:08 | Create | Villager (Male) |
| 15:21 | Create | Villager (Male) |
| 15:21 | Create | Villager (Male) |
| 15:31 | Build | House |
| 15:35 | Create | Villager (Male) |
| 15:39 | Build | Farm |
| 15:41 | Build | Farm |
| 15:43 | Create | Villager (Male) |
| 15:43 | Create | Villager (Male) |
| 15:48 | Create | Villager (Male) |
| 15:50 | Build | Farm |
| 15:53 | Build | Farm |
| 15:55 | Create | Villager (Male) |
| 15:59 | Create | Villager (Male) |
| 16:08 | Create | Mangudai |
| 16:19 | Create | Villager (Male) |
| 16:20 | Create | Villager (Male) |
| 16:20 | Create | Villager (Male) |
| 16:25 | Build | Farm |
| 16:27 | Build | Farm |
| 16:28 | Create | Villager (Male) |
| 16:32 | Create | Villager (Male) |
| 16:33 | Research | Loom |
| 16:36 | Create | Mangudai |
| 16:38 | Create | Mangudai |
| 16:43 | Create | Villager (Male) |
| 16:43 | Create | Villager (Male) |
| 16:53 | Create | Villager (Male) |
| 17:01 | Build | Farm |
| 17:02 | Build | Farm |
| 17:03 | Build | Farm |
| 17:04 | Build | Mill |
| 17:05 | Build | Farm |
| 17:07 | Build | Farm |
| 17:08 | Build | Farm |
| 17:09 | Create | Villager (Male) |
| 17:10 | Create | Villager (Male) |
| 17:10 | Create | Villager (Male) |
| 17:22 | Create | Villager (Male) |
| 17:23 | Create | Villager (Male) |
| 17:23 | Create | Villager (Male) |
| 17:26 | Create | Villager (Male) |
| 17:45 | Build | Farm |
| 17:47 | Build | Farm |
| 17:50 | Create | Villager (Male) |
| 18:01 | Create | Villager (Male) |
| 18:01 | Create | Villager (Male) |
| 18:14 | Build | House |
| 18:15 | Build | House |
| 18:17 | Build | House |
| 18:18 | Build | House |
| 18:24 | Research | Wheelbarrow |
| 18:25 | Research | Town Watch |
| 18:30 | Build | Farm |
| 18:31 | Build | Farm |
| 18:35 | Build | Farm |
| 18:37 | Build | Farm |
| 18:39 | Create | Villager (Male) |
| 18:48 | Create | Villager (Male) |
| 18:48 | Create | Villager (Male) |
| 18:49 | Create | Villager (Male) |
| 19:13 | Build | Town Center |
Build order — 結城結弦
First 150 of 169 actions detected
| 0:13 | Create | Villager (Male) |
| 0:13 | Create | Villager (Male) |
| 0:13 | Create | Villager (Male) |
| 0:44 | Build | Mill |
| 1:05 | Create | Villager (Male) |
| 1:13 | Build | Lumber Camp |
| 1:39 | Create | Villager (Male) |
| 1:39 | Create | Villager (Male) |
| 2:02 | Create | Villager (Male) |
| 2:03 | Create | Villager (Male) |
| 2:18 | Create | Villager (Male) |
| 2:18 | Create | Villager (Male) |
| 3:01 | Create | Villager (Male) |
| 3:02 | Create | Villager (Male) |
| 3:02 | Create | Villager (Male) |
| 3:36 | Create | Villager (Male) |
| 4:01 | Build | Farm |
| 4:03 | Build | Farm |
| 4:12 | Create | Villager (Male) |
| 4:38 | Create | Villager (Male) |
| 4:55 | Build | Mining Camp |
| 5:31 | Create | Villager (Male) |
| 5:40 | Build | Lumber Camp |
| 5:48 | Research | Feudal Age |
| 5:50 | Create | Villager (Male) |
| 7:04 | Build | Farm |
| 7:12 | Create | Villager (Male) |
| 8:13 | Age | Feudal Age |
| 8:15 | Build | Blacksmith |
| 8:16 | Create | Villager (Male) |
| 8:21 | Build | Market |
| 9:02 | Research | Castle Age |
| 9:24 | Research | Double-Bit Axe |
| 10:00 | Research | Horse Collar |
| 10:31 | Build | Farm |
| 10:34 | Build | Farm |
| 10:40 | Create | Villager (Male) |
| 11:54 | Build | Farm |
| 11:56 | Build | Farm |
| 12:07 | Create | Villager (Male) |
| 12:08 | Age | Castle Age |
| 12:12 | Research | Bow Saw |
| 12:12 | Research | Bow Saw |
| 12:26 | Build | Town Center |
| 12:35 | Create | Villager (Male) |
| 12:38 | Build | Farm |
| 12:47 | Create | Villager (Male) |
| 13:07 | Build | Town Center |
| 13:13 | Research | Heavy Plow |
| 13:34 | Create | Villager (Male) |
| 13:38 | Research | Loom |
| 13:54 | Create | Villager (Male) |
| 14:13 | Create | Villager (Male) |
| 14:13 | Create | Villager (Male) |
| 14:17 | Build | Farm |
| 14:19 | Build | Farm |
| 14:25 | Build | Farm |
| 14:34 | Create | Villager (Male) |
| 14:44 | Create | Villager (Male) |
| 14:47 | Build | Farm |
| 15:04 | Create | Villager (Male) |
| 15:06 | Research | Wheelbarrow |
| 15:10 | Build | Farm |
| 15:11 | Create | Villager (Male) |
| 15:12 | Create | Villager (Male) |
| 15:21 | Create | Villager (Male) |
| 15:23 | Create | Villager (Male) |
| 15:25 | Create | Villager (Male) |
| 15:25 | Create | Villager (Male) |
| 15:44 | Create | Villager (Male) |
| 15:58 | Create | Villager (Male) |
| 16:01 | Create | Villager (Male) |
| 16:05 | Create | Villager (Male) |
| 16:07 | Build | Farm |
| 16:20 | Create | Villager (Male) |
| 16:22 | Build | Farm |
| 16:24 | Build | Farm |
| 16:26 | Build | Farm |
| 16:37 | Create | Villager (Male) |
| 16:47 | Create | Villager (Male) |
| 16:50 | Build | Farm |
| 16:53 | Build | Farm |
| 17:13 | Create | Villager (Male) |
| 17:18 | Create | Villager (Male) |
| 17:26 | Build | Town Center |
| 17:35 | Create | Villager (Male) |
| 17:40 | Build | House |
| 17:41 | Build | House |
| 17:50 | Create | Villager (Male) |
| 17:53 | Create | Villager (Male) |
| 17:59 | Create | Villager (Male) |
| 18:27 | Research | Town Watch |
| 18:29 | Research | Gold Mining |
| 18:33 | Create | Villager (Male) |
| 18:36 | Create | Villager (Male) |
| 18:38 | Create | Villager (Male) |
| 18:40 | Create | Villager (Male) |
| 18:41 | Create | Villager (Male) |
| 18:57 | Create | Villager (Male) |
| 19:00 | Create | Villager (Male) |
| 19:02 | Create | Villager (Male) |
| 19:06 | Build | Farm |
| 19:08 | Build | House |
| 19:09 | Build | House |
| 19:12 | Build | University |
| 19:15 | Create | Villager (Male) |
| 19:15 | Create | Villager (Male) |
| 19:15 | Create | Villager (Male) |
| 19:22 | Create | Villager (Male) |
| 19:22 | Create | Villager (Male) |
| 19:25 | Build | Farm |
| 19:27 | Build | Farm |
| 19:30 | Build | Farm |
| 19:34 | Create | Villager (Male) |
| 19:36 | Create | Villager (Male) |
| 19:41 | Create | Villager (Male) |
| 19:43 | Build | Mining Camp |
| 19:45 | Research | Stone Mining |
| 19:58 | Create | Villager (Male) |
| 20:07 | Build | House |
| 20:07 | Build | House |
| 20:08 | Build | House |
| 20:13 | Create | Villager (Male) |
| 20:13 | Create | Villager (Male) |
| 20:15 | Create | Villager (Male) |
| 20:16 | Create | Villager (Male) |
| 20:17 | Create | Villager (Male) |
| 20:25 | Create | Villager (Male) |
| 20:39 | Create | Villager (Male) |
| 20:41 | Create | Villager (Male) |
| 21:04 | Build | House |
| 21:05 | Build | House |
| 21:35 | Build | Mill |
| 21:36 | Build | Farm |
| 21:37 | Build | Farm |
| 21:38 | Build | Farm |
| 21:39 | Build | Farm |
| 21:48 | Create | Villager (Male) |
| 21:48 | Create | Villager (Male) |
| 22:00 | Build | House |
| 22:01 | Build | House |
| 22:02 | Build | House |
| 22:09 | Build | Mining Camp |
| 22:14 | Research | Imperial Age |
| 22:19 | Create | Villager (Male) |
| 22:22 | Build | Mining Camp |
| 22:36 | Create | Villager (Male) |
| 22:36 | Create | Villager (Male) |
| 22:37 | Create | Villager (Male) |
| 22:38 | Create | Villager (Male) |
Build order — Booming_is_my_gamee!!!
126 actions detected in the replay
| 0:09 | Build | Lumber Camp |
| 0:11 | Create | Villager (Male) |
| 0:11 | Create | Villager (Male) |
| 0:11 | Create | Villager (Male) |
| 0:12 | Create | Villager (Male) |
| 0:12 | Create | Villager (Male) |
| 0:14 | Research | Loom |
| 0:14 | Research | Loom |
| 1:21 | Create | Villager (Male) |
| 1:47 | Create | Villager (Male) |
| 1:47 | Create | Villager (Male) |
| 1:48 | Create | Villager (Male) |
| 1:48 | Create | Villager (Male) |
| 2:06 | Build | Mill |
| 2:24 | Create | Villager (Male) |
| 2:51 | Build | Farm |
| 3:00 | Create | Villager (Male) |
| 3:28 | Build | Farm |
| 3:47 | Create | Villager (Male) |
| 3:48 | Create | Villager (Male) |
| 3:56 | Build | Farm |
| 5:00 | Build | Mining Camp |
| 5:04 | Research | Feudal Age |
| 5:21 | Create | Villager (Male) |
| 6:28 | Create | Villager (Male) |
| 7:21 | Age | Feudal Age |
| 7:25 | Build | Market |
| 7:32 | Build | Blacksmith |
| 7:36 | Create | Villager (Male) |
| 8:30 | Create | Villager (Male) |
| 8:46 | Create | Villager (Male) |
| 9:36 | Build | Farm |
| 9:40 | Research | Castle Age |
| 9:40 | Research | Castle Age |
| 9:51 | Build | Stable |
| 10:34 | Research | Double-Bit Axe |
| 10:34 | Research | Double-Bit Axe |
| 10:54 | Research | Horse Collar |
| 10:55 | Research | Horse Collar |
| 11:12 | Research | Gold Mining |
| 11:12 | Research | Gold Mining |
| 11:44 | Research | Padded Archer Armor |
| 11:44 | Research | Padded Archer Armor |
| 12:18 | Research | Bloodlines |
| 12:20 | Age | Castle Age |
| 12:31 | Build | Siege Workshop |
| 12:38 | Create | Conquistador |
| 12:39 | Create | Conquistador |
| 13:17 | Research | Husbandry |
| 13:17 | Research | Husbandry |
| 13:46 | Create | Battering Ram |
| 13:46 | Create | Battering Ram |
| 13:50 | Create | Conquistador |
| 13:50 | Create | Conquistador |
| 14:12 | Research | Leather Archer Armor |
| 14:17 | Create | Conquistador |
| 14:17 | Create | Conquistador |
| 14:17 | Create | Conquistador |
| 14:22 | Create | Battering Ram |
| 14:22 | Create | Battering Ram |
| 14:43 | Create | Petard |
| 14:43 | Create | Petard |
| 14:58 | Create | Battering Ram |
| 14:58 | Create | Battering Ram |
| 15:11 | Create | Petard |
| 15:32 | Create | Conquistador |
| 15:32 | Create | Conquistador |
| 15:49 | Create | Villager (Male) |
| 15:57 | Create | Battering Ram |
| 16:26 | Create | Conquistador |
| 16:26 | Create | Conquistador |
| 16:26 | Create | Conquistador |
| 16:45 | Create | Villager (Male) |
| 16:52 | Create | Conquistador |
| 16:52 | Create | Conquistador |
| 17:20 | Create | Conquistador |
| 17:20 | Create | Conquistador |
| 17:21 | Create | Conquistador |
| 17:26 | Build | House |
| 17:27 | Build | House |
| 17:28 | Build | House |
| 17:29 | Build | House |
| 17:29 | Build | House |
| 17:29 | Build | House |
| 17:30 | Build | House |
| 17:30 | Build | House |
| 18:07 | Create | Conquistador |
| 18:07 | Create | Conquistador |
| 18:21 | Create | Battering Ram |
| 18:45 | Create | Conquistador |
| 18:46 | Create | Conquistador |
| 18:48 | Create | Villager (Male) |
| 18:48 | Create | Villager (Male) |
| 18:48 | Create | Villager (Male) |
| 18:48 | Create | Villager (Male) |
| 19:22 | Create | Scorpion |
| 19:23 | Create | Scorpion |
| 19:23 | Create | Scorpion |
| 19:27 | Create | Villager (Male) |
| 19:28 | Create | Villager (Male) |
| 19:28 | Create | Villager (Male) |
| 19:47 | Create | Villager (Male) |
| 19:47 | Create | Villager (Male) |
| 20:20 | Create | Scorpion |
| 20:21 | Create | Conquistador |
| 20:22 | Create | Conquistador |
| 20:49 | Create | Battering Ram |
| 20:50 | Create | Villager (Male) |
| 20:51 | Create | Villager (Male) |
| 20:51 | Create | Villager (Male) |
| 20:51 | Create | Villager (Male) |
| 21:03 | Create | Villager (Male) |
| 21:04 | Create | Villager (Male) |
| 22:01 | Create | Villager (Male) |
| 22:01 | Create | Villager (Male) |
| 22:01 | Create | Villager (Male) |
| 22:11 | Create | Conquistador |
| 22:11 | Create | Conquistador |
| 22:52 | Create | Conquistador |
| 22:52 | Create | Conquistador |
| 22:56 | Create | Battering Ram |
| 22:56 | Create | Battering Ram |
| 23:12 | Create | Conquistador |
| 23:12 | Create | Conquistador |
| 23:12 | Create | Conquistador |
| 23:12 | Create | Conquistador |
Build order — l852693
100 actions detected in the replay
| 0:04 | Create | Villager (Male) |
| 0:04 | Create | Villager (Male) |
| 0:18 | Build | Lumber Camp |
| 0:18 | Create | Villager (Male) |
| 0:23 | Create | Villager (Male) |
| 0:45 | Create | Villager (Male) |
| 0:46 | Create | Villager (Male) |
| 1:34 | Create | Villager (Male) |
| 1:45 | Create | Villager (Male) |
| 3:00 | Create | Villager (Male) |
| 3:00 | Create | Villager (Male) |
| 3:36 | Build | Mill |
| 3:45 | Create | Villager (Male) |
| 3:52 | Research | Feudal Age |
| 5:16 | Create | Villager (Male) |
| 5:28 | Build | Mining Camp |
| 5:56 | Age | Feudal Age |
| 6:18 | Build | Blacksmith |
| 6:22 | Create | Villager (Male) |
| 6:45 | Create | Villager (Male) |
| 7:14 | Build | Market |
| 7:14 | Create | Villager (Male) |
| 7:21 | Build | Market |
| 7:21 | Create | Villager (Male) |
| 7:56 | Create | Villager (Male) |
| 8:30 | Research | Castle Age |
| 8:30 | Research | Castle Age |
| 9:04 | Research | Double-Bit Axe |
| 9:32 | Research | Horse Collar |
| 10:20 | Create | Villager (Male) |
| 10:49 | Build | Lumber Camp |
| 10:55 | Age | Castle Age |
| 11:01 | Research | Bow Saw |
| 11:38 | Create | Villager (Male) |
| 11:39 | Create | Villager (Male) |
| 12:01 | Build | Town Center |
| 12:06 | Create | Villager (Male) |
| 12:29 | Build | Farm |
| 12:46 | Create | Villager (Male) |
| 12:47 | Create | Villager (Male) |
| 12:47 | Create | Villager (Male) |
| 12:49 | Build | Farm |
| 13:05 | Build | Farm |
| 13:06 | Build | Farm |
| 13:06 | Build | Farm |
| 13:16 | Create | Villager (Male) |
| 13:17 | Create | Villager (Male) |
| 13:24 | Build | Farm |
| 13:39 | Build | Farm |
| 13:40 | Build | Farm |
| 13:48 | Create | Villager (Male) |
| 13:48 | Create | Villager (Male) |
| 13:52 | Build | Farm |
| 13:58 | Build | Farm |
| 14:15 | Build | House |
| 14:16 | Build | House |
| 14:19 | Create | Villager (Male) |
| 14:19 | Create | Villager (Male) |
| 14:23 | Build | Farm |
| 14:33 | Create | Villager (Male) |
| 14:40 | Create | Villager (Male) |
| 14:48 | Build | Farm |
| 14:52 | Build | Farm |
| 14:53 | Build | Farm |
| 14:56 | Create | Villager (Male) |
| 14:56 | Create | Villager (Male) |
| 15:00 | Build | Farm |
| 15:04 | Create | Villager (Male) |
| 15:05 | Create | Villager (Male) |
| 15:16 | Build | Farm |
| 15:22 | Build | House |
| 15:23 | Build | House |
| 15:25 | Create | Villager (Male) |
| 15:26 | Create | Villager (Male) |
| 15:29 | Build | Farm |
| 15:37 | Build | Farm |
| 15:45 | Create | Villager (Male) |
| 15:52 | Create | Villager (Male) |
| 15:57 | Create | Villager (Male) |
| 16:00 | Build | Farm |
| 16:08 | Create | Villager (Male) |
| 16:26 | Build | Farm |
| 16:27 | Build | Farm |
| 16:30 | Research | Heavy Plow |
| 16:31 | Build | Farm |
| 16:33 | Create | Villager (Male) |
| 16:33 | Create | Villager (Male) |
| 16:41 | Build | Farm |
| 16:49 | Create | Villager (Male) |
| 17:00 | Build | House |
| 17:41 | Create | Villager (Male) |
| 17:41 | Create | Villager (Male) |
| 18:03 | Build | Farm |
| 18:03 | Build | Farm |
| 18:03 | Create | Villager (Male) |
| 18:49 | Create | War Elephant |
| 18:49 | Create | War Elephant |
| 18:49 | Create | Villager (Male) |
| 18:49 | Create | Villager (Male) |
| 18:49 | Create | Villager (Male) |
Match timeline
| 5:56 | l852693 · age_up feudal |
| 7:21 | Booming_is_my_gamee!!! · age_up feudal |
| 7:26 | 小肥羊 · age_up feudal |
| 7:36 | 小肥羊 · first_building Stable |
| 8:01 | Fsee · age_up feudal |
| 8:04 | 1389928342 · age_up feudal |
| 8:13 | 結城結弦 · age_up feudal |
| 8:27 | 大手 · age_up feudal |
| 8:27 | anhdeptraibd · age_up feudal |
| 8:37 | anhdeptraibd · first_building Archery Range |
| 8:39 | anhdeptraibd · first_building Stable |
| 9:51 | Booming_is_my_gamee!!! · first_building Stable |
| 10:55 | l852693 · age_up castle |
| 11:01 | Booming_is_my_gamee!!! · first_market_buy 100 wood |
| 11:18 | 小肥羊 · age_up castle |
| 11:32 | Fsee · age_up castle |
| 11:37 | 1389928342 · age_up castle |
| 12:06 | 大手 · age_up castle |
| 12:08 | 結城結弦 · age_up castle |
| 12:14 | anhdeptraibd · age_up castle |
| 12:20 | Booming_is_my_gamee!!! · age_up castle |
| 12:31 | Booming_is_my_gamee!!! · first_building Siege Workshop |
| 13:01 | Booming_is_my_gamee!!! · first_market_sell 100 stone |
| 13:31 | 小肥羊 · first_building Monastery |
| 14:35 | 1389928342 · first_building Siege Workshop |
| 18:49 | 大手 · first_market_buy 100 stone |
| 19:16 | 大手 · first_building Barracks |
| 19:30 | 大手 · first_building Siege Workshop |
| 19:31 | 1389928342 · wall_segment Stone Wall x15 |
| 20:42 | l852693 · resign |
| 21:34 | Fsee · first_building Siege Workshop |
| 22:10 | Fsee · first_market_sell 100 food |
| 22:11 | Fsee · first_market_buy 100 wood |
| 22:29 | 大手 · first_building Stable |
| 22:51 | 結城結弦 · first_building Archery Range |
| 22:54 | 結城結弦 · first_building Castle |
[ AI ANALYSIS · 1 CREDIT ]
What really happened in this match?
Wolo.gg analyzes every decision: build order, eco, micro, common mistakes by bracket. Personalized analysis on WhatsApp or Discord in 30 seconds.
Civ guide
Franks
Perfil
Jugador #8376735